 Dungeon Crawl Stone Soup version 0.31.0-4-g52a2dc7128 (webtiles) character file.

Game seed: 15661990680904029891

3940 BeingJoeMalik the Cleaver (level 10, 0/51 HPs)
             Began as a Vine Stalker Reaver on Jan 22, 2024.
             Was a Priest of Kikubaaqudgha.
             Slain by a centaur warrior (9 damage)
             ... on level 9 of the Dungeon.
             The game lasted 00:22:52 (6127 turns).

BeingJoeMalik the Cleaver (Vine Stalker Reaver)     Turns: 6127, Time: 00:22:52

Health: 0/51       AC:  8    Str: 24    XL:     10   Next: 21%
Magic:  0/14       EV: 11    Int: 15    God:    Kikubaaqudgha [***...]
Gold:   343        SH:  0    Dex: 10    Spells: 3/13 levels left

rFire   . . .        i - +3 hand axe of Gofing {drain, rN+ Str+3 Dex-5 Stlth+}
rCold   . . .        (no shield)
rNeg    + . .        C - +2 leather armour {rPois}
rPois   +            l - +1 helmet
rElec   .            (no cloak)
rCorr   .            (no gloves)
SInv    .            f - +0 pair of boots
Will    +....        y - amulet of regeneration
Stlth   ++           j - ring of flight
HPRegen 1.88/turn    x - +6 ring of strength
MPRegen 0.14/turn

%: guardian spirit
@: flying
A: fangs 3, regeneration 1, magic shield, antimagic bite, no potion heal 2
a: Renounce Religion, Unearth Wretches


You were on level 9 of the Dungeon.
You worshipped Kikubaaqudgha.
Kikubaaqudgha was most pleased with you.
You visited 1 branch of the dungeon, and saw 9 of its levels.
You also visited: Ossuary.

You collected 343 gold pieces.

Inventory:

Hand Weapons
 a - a +1 hand axe of freezing
 i - the +3 hand axe of Gofing (weapon) {drain, rN+ Str+3 Dex-5 Stlth+}
   (You found it on level 2 of the Dungeon)

   Str+3:     It affects your strength (+3).
   Dex-5:     It affects your dexterity (-5).
   rN+:       It protects you from negative energy.
   Stlth+:    It makes you more stealthy.
Missiles
 o - 24 poisoned darts
 v - a throwing net (quivered)
Armour
 f - a +0 pair of boots (worn)
 l - a +1 helmet (worn)
 C - a +2 leather armour of poison resistance (worn)
Jewellery
 j - a ring of flight (left hand)
 x - a +6 ring of strength (right hand)
 y - an amulet of regeneration (around neck)
Wands
 b - a wand of polymorph (3)
 u - a wand of light (7)
Scrolls
 c - 5 scrolls of enchant armour
 d - 3 scrolls of poison
 e - 3 scrolls of identify
 g - 2 scrolls of enchant weapon
 h - a scroll of noise
 m - 5 scrolls of teleportation
 p - 3 scrolls of amnesia
 z - a scroll of fear
Potions
 k - a potion of attraction
 n - 2 potions of mutation
 q - a potion of haste
 r - 2 potions of brilliance
 s - a potion of lignification
 t - 5 potions of curing
 w - a potion of berserk rage
 A - 2 potions of magic
 B - 2 potions of cancellation


   Skills:
 + Level 4.6 Fighting
 * Level 12.0 Axes
 - Level 1.5 Dodging
 * Level 2.4 Spellcasting
 - Level 3.0 Conjurations
 - Level 2.0 Summonings
 * Level 3.5 Necromancy


You had 3 spell levels left.
You knew the following spells:

 Your Spells              Type           Power      Damage    Failure   Level
a - Kiss of Death         Conj/Necr      44%        2d8       6%          1
b - Call Imp              Summ           14%        N/A       16%         2
c - Vampiric Draining     Necr           12%        2d6       17%         3
d - Animate Dead          Necr           12%        N/A       50%         4

Your spell library contained the following spells:

 Spells                   Type           Power      Damage    Failure   Level
 Sublimation of Blood     Necr           12%        N/A       9%          2
 Momentum Strike          Conj/Tloc      12%        3d8       21%         2
 Cigotuvi's Dreadful Rot  Necr/Alch/Air  10%        N/A       22%         2
 Freeze                   Ice            4%         1d3       24%         1
 Call Canine Familiar     Summ           7%         N/A       32%         3
 Mercury Vapours          Alch/Air       2%         N/A       36%         2
 Dazzling Flash           Conj/Hex       12%        N/A       36%         3
 Hailstorm                Conj/Ice       6%         3d5       36%         3
 Mephitic Cloud           Conj/Alch/Air  4%         N/A       43%         3
 Frozen Ramparts          Ice            2%         1d1       58%         3
 Sigil of Binding         Hex            1%         N/A       58%         3
 Dispel Undead            Necr           12%        3d9       50%         4
 Anguish                  Hex/Necr       3%         N/A       75%         4
 Curse of Agony           Necr           12%        N/A       85%         5
 Dimensional Bullseye     Hex/Tloc       0%         N/A       94%         4
 Ignite Poison            Fire/Alch      1%         N/A       94%         4
 Sticky Flame             Fire/Alch      1%         2d4       94%         4
 Borgnjor's Vile Clutch   Necr/Erth      3%         N/A       97%         5
 Freezing Cloud           Conj/Ice/Air   2%         6-21      99%         5
 Silence                  Hex/Air        0%         N/A       100%        5
 Sculpt Simulacrum        Ice/Alch       0%         N/A       100%        6
 Ozocubu's Refrigeration  Ice            0%         4d7       100%        7
 Summon Hydra             Summ           3%         N/A       100%        7
 Ignition                 Fire           0%         3d3       100%        8
 Polar Vortex             Ice            0%         N/A       100%        9


Dungeon Overview and Level Annotations

Branches:
Dungeon (9/15)             Temple (0/1) D:7         Ossuary (visited)
   Lair: D:8-11         Orc: D:9-12

Altars:
Gozag
Kikubaaqudgha
Makhleb

Annotations:
D:5 Grinder


Innate Abilities, Weirdness & Mutations

You have razor-sharp teeth.
Your natural rate of healing is unusually fast.
When hurt, damage is shared between your health and your magic reserves.
Your bite disrupts and absorbs the magic of your enemies.
Potions cannot restore your health.


Message History

Kikubaaqudgha accepts your kill.
No target in view!
You now have 343 gold pieces (gained 11).
Things that are here:
a +0 dagger; a +0 robe
c - 5 scrolls of enchant armour (gained 1)
A centaur warrior comes into view.
The centaur warrior shouts!
The centaur warrior wields a +0 shortbow.
The centaur warrior shoots an arrow.
The arrow hits you!!
Things that are here:
a +0 hand axe; a +0 ring mail The centaur warrior shoots an arrow.
The arrow hits you.
The centaur warrior shoots an arrow.
The arrow closely misses you.
The centaur warrior shoots an arrow.
The arrow hits you!
There is an escape hatch in the ceiling, spattered with blood here.
The centaur warrior shoots an arrow.
The arrow hits you!
The centaur warrior shoots an arrow.
The arrow closely misses you.
The centaur warrior unwields a +0 shortbow.
The centaur warrior hits you but does no damage.
The centaur warrior completely misses you.
You hit the centaur warrior. You drain the centaur warrior.
The centaur warrior is lightly wounded.
The centaur warrior hits you!
* * * LOW HITPOINT WARNING * * *
The centaur warrior kicks you but does no damage.
You hit the centaur warrior but do no damage.
Your bite misses the centaur warrior.
The centaur warrior is lightly wounded.
The centaur warrior hits you.
* * * LOW HITPOINT WARNING * * *
The centaur warrior kicks you but does no damage.
Unknown command.
There are no items here.
The centaur warrior hits you!
* * * LOW HITPOINT WARNING * * *
The centaur warrior kicks you but does no damage.
The centaur warrior hits you!
You die...
Kikubaaqudgha rasps: "You have failed me!
Welcome... death!"

#.# #.# #. ##.##
#.#####...####..#
#................
:.....#..)######
#............#
#.#.##).†###.#
#.#.....<.@#
#.#........c......
.######.#........#.####.
...............###.#
..#####.###....... .
).......###.####.. ..
..####))........... #.
..# #.####.#### ## ##
..####.### .#


You could see a centaur warrior (drained).

Vanquished Creatures
  Maggie (D:6)
  Psyche (D:9)
  2 hornets (D:7)
  Menkaure (D:6)
  A water moccasin (D:8)
  An ice beast (D:7)
  3 sky beasts
  2 black bears
  2 centaurs
  A phantom (D:7)
  2 kobold brigands
  2 bullfrogs
  5 scorpions (Ossuary)
  3 howler monkeys (D:7)
  2 centaur zombies (Ossuary)
  A jelly (D:4)
  2 human zombies (Ossuary)
  4 hounds
  2 gnoll boudas
  4 orc priests
  Ijyb (D:4)
  A sleepcap (D:5)
  Natasha (twice) (D:3)
  3 iguanas
  8 orc wizards
  4 scorpion zombies (Ossuary)
  3 mummies (Ossuary)
  12 gnolls
  12 adders
  2 shadow imps
  4 white imps
  3 ribbon worms
  17 orcs
  7 ball pythons
  3 endoplasms
  11 goblins
  8 hobgoblins
  2 jackals (D:1)
  13 kobolds
  6 quokkas
  2 ball python zombies (Ossuary)
  2 bats (D:1)
  2 frilled lizards
  4 gnoll zombies (Ossuary)
  2 jackal zombies (Ossuary)
  3 orc zombies (Ossuary)
  6 rats
185 creatures vanquished.

Notes
Turn   | Place    | Note
-------+----------+-------------------------------------------
     0 | D:1      | BeingJoeMalik the Vine Stalker Reaver began the quest for
                  | the Orb.
     0 | D:1      | Reached XP level 1. HP: 11/11 MP: 4/4
    84 | D:1      | Reached skill level 3 in Axes
    93 | D:1      | Reached XP level 2. HP: 13/14 MP: 0/6
   782 | D:2      | Reached XP level 3. HP: 14/17 MP: 5/7
   843 | D:2      | Identified the +3 hand axe of Gofing {drain, rN+ Str+3
                  | Dex-5 Stlth+}
   978 | D:2      | Reached skill level 4 in Axes
  1213 | D:2      | Reached XP level 4. HP: 23/23 MP: 8/8
  1436 | D:2      | Learned a level 2 spell: Call Imp
  1639 | D:3      | Noticed Natasha
  1656 | D:3      | Reached skill level 5 in Axes
  1656 | D:3      | Reached XP level 5. HP: 26/26 MP: 9/9
  1708 | D:3      | Killed Natasha
  2049 | D:3      | Noticed Natasha
  2054 | D:3      | Killed Natasha
  2123 | D:3      | Reached XP level 6. HP: 30/30 MP: 10/10
  2151 | D:3      | Reached skill level 6 in Axes
  2233 | D:3      | Found an ancient bone altar of Kikubaaqudgha.
  2236 | D:3      | Found a burning altar of Makhleb.
  2239 | D:3      | Found an opulent altar of Gozag.
  2245 | D:3      | Became a worshipper of Kikubaaqudgha
  2543 | D:4      | Noticed Ijyb
  2555 | D:4      | Killed Ijyb
  3243 | D:5      | Entered Level 5 of the Dungeon
  3247 | D:5      | Noticed Grinder
  3445 | D:5      | Reached skill level 7 in Axes
  3445 | D:5      | Reached XP level 7. HP: 34/34 MP: 11/11
  3493 | D:6      | Reached * piety under Kikubaaqudgha
  3493 | D:6      | Received a gift from Kikubaaqudgha
  3511 | D:6      | Found a sand-covered staircase.
  3529 | Ossuary  | Entered an ossuary
  3576 | Ossuary  | Reached skill level 1 in Summonings
  3655 | Ossuary  | Reached skill level 8 in Axes
  3721 | Ossuary  | Gained mutation: You have razor-sharp teeth. [Vine Stalker
                  | growth]
  3721 | Ossuary  | Reached XP level 8. HP: 39/39 MP: 10/12
  4199 | D:6      | Noticed Maggie
  4210 | D:6      | Killed Maggie
  4211 | D:6      | Reached skill level 9 in Axes
  4211 | D:6      | Reached skill level 1 in Necromancy
  4221 | D:6      | Reached ** piety under Kikubaaqudgha
  4226 | D:6      | Learned a level 3 spell: Vampiric Draining
  4231 | D:6      | Learned a level 4 spell: Animate Dead
  4374 | D:6      | Noticed Menkaure
  4378 | D:6      | Killed Menkaure
  4379 | D:6      | Reached skill level 10 in Axes
  4379 | D:6      | Reached XP level 9. HP: 44/44 MP: 13/13
  4671 | D:7      | Noticed a hornet
  4679 | D:7      | Killed a hornet
  4947 | D:7      | Reached skill level 11 in Axes
  5106 | D:7      | Found a staircase to the Ecumenical Temple.
  5517 | D:8      | Noticed a hornet
  5531 | D:7      | Killed a hornet
  5532 | D:7      | Reached XP level 10. HP: 41/50 MP: 11/14
  5599 | D:8      | Reached *** piety under Kikubaaqudgha
  5599 | D:8      | Received a gift from Kikubaaqudgha
  6080 | D:9      | Noticed Psyche
  6092 | D:9      | Killed Psyche
  6093 | D:9      | Reached skill level 12 in Axes
  6119 | D:9      | Noticed a centaur warrior
  6127 | D:9      | Slain by a centaur warrior

Illustrated notes

Levels and vault maps discovered:
D:1:      lightli_arrival_lavapool, layout_loops_cross, roderic_roman_lattice,
          minmay_tripent
D:2:      minmay_evil_eye, layout_basic
D:3:      layout_loops_ring, grunt_temple_overflow_diamond,
          chequers_serial_rivers_marsh, serial_bayou_ford_a,
          saegor_snake_ambush, uniq_natasha
D:4:      layout_basic, minmay_misc_feat_rows, uniq_ijyb
D:5:      layout_basic, chequers_serial_rivers_small_a, uniq_grinder
D:6:      layout_rooms, nicolae_ossuary_entry_ruins, uniq_maggie, uniq_menkaure
D:7:      layout_loops_ring, minmay_temple_entry_glassed_door,
          minmay_misc_feat_cross, nicolae_eternal_life, minmay_misc_feat_hallway
D:8:      layout_rooms
D:9:      layout_loops_ring, dpeg_lair_monsters, nicolae_shop_firing_range,
          uniq_psyche

Skill      XL: |  1  2  3  4  5  6  7  8  9 10 |
---------------+-------------------------------+-----
Axes           | 3 4 5 7 8 10 11 12 | 12.0
Summonings     | 1 2 |  2.0
Fighting       | 2 3 4 |  4.6
Necromancy     | 1 3 |  3.5
Dodging        | |  1.5
Spellcasting   | |  2.4
Conjurations   | |  3.0

Action                     |  1- 3 |  4- 6 |  7- 9 | 10-12 || total
---------------------------+-------+-------+-------+-------++-------
  Melee: Hand axe          |    97 |   144 |   268 |    60 ||   569
         Bite              |    15 |    27 |    71 |    12 ||   125
         Punch             |       |     1 |     1 |     2 ||     4
  Throw: Dart              |       |     2 |     2 |     1 ||     5
   Cast: Kiss of Death     |     2 |       |       |       ||     2
         Call Imp          |       |       |     1 |       ||     1
    Use: Scroll            |       |       |    18 |     5 ||    23
   Stab: Sleeping          |     1 |     3 |     5 |       ||     9
 Armour: Leather armour    |    70 |    77 |   165 |    40 ||   352
  Dodge: Dodged            |    49 |    68 |   118 |    28 ||   263
